[Event "Team 45 45 League T91"]
[Site "Internet Chess Club"]
[Date "2022.02.07"]
[Round "4"]
[White "marioseixas1992"]
[Black "RD1974"]
[Result "1-0"]
[WhiteElo "1515"]
[BlackElo "1553"]
[Opening "French: advance, Paulsen attack"]
[ECO "C02"]
[Time "18:03:38"]
[PlyCount "71"]
[TimeControl "2700+45"]

1. e4 e6 2. d4 d5 3. e5 c5 4. c3 Nc6 5. Nf3 Nh6 6. Bxh6 gxh6 7. a3 cxd4 8. cxd4
Bg7 9. Nc3 f6 10. Bb5 O-O 11. O-O fxe5 12. Bxc6 bxc6 13. Nxe5 Qc7 14. f4 c5 15.
dxc5 Qxc5+ 16. Kh1 Bxe5 17. fxe5 Rxf1+ 18. Qxf1 Bd7 19. Qf6 Qf8 20. Qf3 Qg7 21.
Nxd5 Rf8 22. Nf6+ Kh8 23. h3 Bb5 24. Rd1 Qe7 25. Rd6 Rd8 26. Rxd8+ Qxd8 27. Qb7
Bd3 28. Qxa7 Bg6 29. b4 Qc8 30. Kh2 h5 31. b5 Qc1 32. Qb8+ Kg7 33. Qg8+ Kh6 34.
Qf8+ Kg5 35. Ne4+ Bxe4 36. Qf6# {Black checkmated} 1-0

[Event "Team 45 45 League T91"]
[Site "Internet Chess Club"]
[Date "2022.02.02"]
[Round "4"]
[White "kabindra"]
[Black "mongmong"]
[Result "1/2-1/2"]
[WhiteElo "1663"]
[BlackElo "1572"]
[Opening "French: advance, Milner-Barry gambit"]
[ECO "C02"]
[Time "17:45:36"]
[PlyCount "72"]
[TimeControl "2700+45"]

1. e4 e6 2. d4 d5 3. e5 c5 4. c3 Nc6 5. Nf3 Qb6 6. Bd3 cxd4 7. cxd4 Bd7 8. O-O
Nxd4 9. Nbd2 Nxf3+ 10. Nxf3 h6 11. a4 Bb4 12. Be3 Bc5 13. Bxc5 Qxc5 14. b4 Qb6
15. a5 Qd8 16. Nd4 Ne7 17. Nb5 Bxb5 18. Bxb5+ Nc6 19. Bxc6+ bxc6 20. Qa4 Qd7 21.
Rfc1 Rc8 22. b5 c5 23. b6 Qxa4 24. Rxa4 axb6 25. axb6 Rb8 26. Rxc5 O-O 27. Rb4
Rb7 28. Kf1 Rfb8 29. Rcb5 Kf8 30. Ke2 Ke8 31. Kd3 Kd7 32. Kd4 Kc6 33. Rc5+ Kd7
34. Rcb5 Kc6 35. Rc5+ Kd7 36. Rcb5 Kc6 {Game drawn by repetition} 1/2-1/2

[Event "Team 45 45 League T91"]
[Site "Internet Chess Club"]
[Date "2022.02.02"]
[Round "4"]
[White "rgadoury"]
[Black "Balderdash"]
[Result "0-1"]
[WhiteElo "1149"]
[BlackElo "1251"]
[Opening "Queen's pawn game"]
[ECO "D00"]
[Time "20:05:58"]
[PlyCount "56"]
[TimeControl "2700+45"]

1. d4 d5 2. g3 b6 3. Bg2 Bb7 4. Nc3 Nf6 5. e4 e6 6. a3 c5 7. e5 cxd4 8. Qxd4 Bc5
9. Qd3 Ba6 10. Nb5 Bxb5 11. Qxb5+ Nfd7 12. Nf3 a6 13. Qd3 Nc6 14. Be3 Bxe3 15.
Qxe3 Qb8 16. O-O Ncxe5 17. Nxe5 Nxe5 18. Qb3 Qd6 19. Rad1 O-O 20. Bxd5 exd5 21.
Rxd5 Qf6 22. Kg2 Qc6 23. Re1 Rfe8 24. Kf1 Qc4+ 25. Qxc4 Nxc4 26. Rxe8+ Rxe8 27.
Kg2 Nxb2 28. Rd6 Nc4 {White resigns} 0-1

[Event "Team 45 45 League T91"]
[Site "Internet Chess Club"]
[Date "2022.02.05"]
[Round "4"]
[White "WzeroMN"]
[Black "oldbookseller"]
[Result "1-0"]
[WhiteElo "1053"]
[BlackElo "873"]
[Opening "French defense"]
[ECO "C01"]
[Time "13:01:18"]
[PlyCount "47"]
[TimeControl "2700+45"]

1. e4 e6 2. d4 Be7 3. Nf3 d6 4. Be2 b6 5. O-O Bb7 6. Nc3 Nf6 7. Bg5 Nbd7 8. Bxf6
Nxf6 9. e5 dxe5 10. dxe5 Nd5 11. Nxd5 Bxd5 12. c4 Bc6 13. Qxd8+ Rxd8 14. Rad1
Rc8 15. Rd3 O-O 16. Nd4 Be4 17. Re3 Bb7 18. Bf3 c6 19. a3 Bc5 20. Rd3 Rfd8 21.
Rfd1 Rd7 22. Nb3 Bxf2+ 23. Kxf2 Rcd8 24. Rxd7 {Black resigns} 1-0

[Event "Team 45 45 League T91"]
[Site "Internet Chess Club"]
[Date "2022.02.04"]
[Round "4"]
[White "jcule"]
[Black "Visin"]
[Result "1-0"]
[WhiteElo "1361"]
[BlackElo "1272"]
[Opening "Queen's pawn game, Chigorin variation"]
[ECO "D02"]
[Time "14:00:36"]
[PlyCount "81"]
[TimeControl "2700+45"]

1. d4 d5 2. Nf3 Nc6 3. g3 Bg4 4. Bg2 e6 5. O-O Nf6 6. b3 Be7 7. Bb2 O-O 8. Nbd2
Bh5 9. c4 Bg6 10. Re1 h6 11. c5 b6 12. b4 bxc5 13. bxc5 Rb8 14. Nb3 a5 15. a4
Nh7 16. Ne5 Nxe5 17. dxe5 c6 18. Bd4 Ng5 19. Nd2 Rb4 20. e3 Qc7 21. Nf3 Rfb8 22.
Nxg5 Bxg5 23. Bc3 R4b7 24. Qd2 Be7 25. Bxa5 Qxe5 26. Bb6 Bd8 27. a5 Bxb6 28.
axb6 Qf6 29. Qb4 Qd8 30. Qa4 Qf8 31. Rec1 Kh7 32. Qxc6 Qc8 33. Qxc8 Rxc8 34. Ra7
Rxa7 35. bxa7 Ra8 36. c6 Bd3 37. Bf1 Be4 38. c7 Rc8 39. a8=Q Rxa8 40. c8=Q Rxc8
41. Rxc8 {Black resigns} 1-0

[Event "Team 45 45 League T91"]
[Site "Internet Chess Club"]
[Date "2022.02.05"]
[Round "4"]
[White "Pawnchain"]
[Black "BrerRabbit"]
[Result "1/2-1/2"]
[WhiteElo "1337"]
[BlackElo "1392"]
[Opening "Queen's pawn, Mason variation"]
[ECO "D00"]
[Time "15:00:53"]
[PlyCount "46"]
[TimeControl "2700+45"]

1. d4 d5 2. Bf4 c6 3. e3 Qb6 4. Qc1 Bf5 5. c3 Nf6 6. Nd2 Nbd7 7. Ngf3 h6 8. Be2
e6 9. Ne5 Be7 10. Bg3 Qd8 11. f4 O-O 12. O-O Rc8 13. b4 Ne4 14. Nxe4 Bxe4 15.
Qe1 Nf6 16. a3 Bf5 17. c4 a6 18. c5 Ne4 19. Bf2 Nxf2 20. Qxf2 Bh4 21. g3 Be7 22.
Bd3 Bxd3 23. Nxd3 Kh7 {Game drawn by mutual agreement} 1/2-1/2

[Event "Team 45 45 League T91"]
[Site "Internet Chess Club"]
[Date "2022.02.06"]
[Round "4"]
[White "stantheman59"]
[Black "grekor"]
[Result "0-1"]
[WhiteElo "1153"]
[BlackElo "1109"]
[Opening "Owen defense"]
[ECO "B00"]
[Time "16:00:36"]
[PlyCount "56"]
[TimeControl "2700+45"]

1. e4 b6 2. g3 Bb7 3. Bg2 e6 4. Nc3 Be7 5. d3 Nf6 6. Nf3 d6 7. Be3 Nbd7 8. Qe2
c5 9. Nd2 Qc7 10. O-O-O a6 11. f4 b5 12. a3 Bc6 13. g4 Nb6 14. g5 Nfd7 15. h4 b4
16. axb4 cxb4 17. Bxb6 Qxb6 18. Nc4 Qc7 19. Nb1 Nb6 20. e5 Bxg2 21. exd6 Bxd6
22. Qxg2 Bxf4+ 23. Ncd2 Rc8 24. c3 bxc3 25. bxc3 Na4 26. c4 Qb6 27. Qc6+ Rxc6
28. Kc2 Qb2# {White checkmated} 0-1

[Event "Team 45 45 League T91"]
[Site "Internet Chess Club"]
[Date "2022.02.07"]
[Round "4"]
[White "DaveTheRook"]
[Black "gduranko"]
[Result "0-1"]
[WhiteElo "1384"]
[BlackElo "1480"]
[Opening "Réti opening"]
[ECO "A04"]
[Time "16:01:10"]
[PlyCount "86"]
[TimeControl "2700+45"]

1. Nf3 c5 2. g3 g6 3. Bg2 Bg7 4. O-O Nc6 5. c3 Nf6 6. d3 O-O 7. Nbd2 d5 8. Re1
Rb8 9. a3 a5 10. Qc2 b6 11. e4 dxe4 12. dxe4 Ng4 13. h3 Nge5 14. Nxe5 Nxe5 15.
Nf3 Nxf3+ 16. Bxf3 Be5 17. Bg2 Be6 18. Bh6 Re8 19. Rad1 Qc8 20. f4 Bh8 21. Kh2
b5 22. g4 a4 23. e5 Bb3 24. Qf2 Bxd1 25. Rxd1 Rd8 26. Rxd8+ Qxd8 27. Qxc5 Bg7
28. Bg5 Bf8 29. e6 f6 30. Bh4 Qd2 31. Qb4 Rd8 32. Qxb5 Qxf4+ 33. Bg3 Qd2 34. Bc7
Rd3 35. Qe8 Rxh3+ 36. Kxh3 Qe3+ 37. Kh2 Qxe6 38. Kg3 Qb3 39. Qd7 Qxb2 40. Qe6+
Kg7 41. Bd5 Qxc3+ 42. Kh4 g5+ 43. Kh5 Qh3# {White checkmated} 0-1

[Event "Team 45 45 League T91"]
[Site "Internet Chess Club"]
[Date "2022.02.06"]
[Round "4"]
[White "chesskix"]
[Black "smsxman"]
[Result "0-1"]
[WhiteElo "1407"]
[BlackElo "1462"]
[Opening "English opening"]
[ECO "A10"]
[Time "14:01:05"]
[PlyCount "66"]
[TimeControl "2700+45"]

1. c4 d5 2. cxd5 Qxd5 3. Nc3 Qd8 4. g3 g6 5. Bg2 e6 6. e4 Bg7 7. Nge2 Nf6 8. O-O
Nc6 9. d3 O-O 10. h3 Rb8 11. a3 b6 12. f4 Nd4 13. e5 Nxe2+ 14. Qxe2 Nd5 15. Nxd5
exd5 16. d4 Be6 17. Bd2 a5 18. Bc3 Re8 19. Qd2 Qc8 20. Kh2 Rd8 21. g4 f5 22.
exf6 Bxf6 23. g5 Bg7 24. Rae1 c6 25. Re2 Bf5 26. Rfe1 Rb7 27. Re3 Rf8 28. Qe2
Rbf7 29. Rf1 Qb8 30. Ref3 Be4 31. R3f2 Rxf4 32. Rxf4 Rxf4 33. Bxe4 Rxe4+ {White
resigns} 0-1

[Event "Team 45 45 League T91"]
[Site "Internet Chess Club"]
[Date "2022.02.04"]
[Round "4"]
[White "xingon"]
[Black "blind-warrior"]
[Result "0-1"]
[WhiteElo "1378"]
[BlackElo "1440"]
[Opening "Queen's pawn: London system"]
[ECO "A45"]
[Time "13:22:31"]
[PlyCount "56"]
[TimeControl "2700+45"]

1. d4 Nf6 2. Bf4 d6 3. Nc3 g6 4. Qd2 h5 5. O-O-O Bg7 6. e4 Nfd7 7. Bc4 e6 8. f3
e5 9. dxe5 Nxe5 10. Bxe5 Bxe5 11. f4 Bg7 12. Kb1 Be6 13. Bxe6 fxe6 14. Nf3 Qe7
15. f5 Nc6 16. h3 O-O-O 17. g4 hxg4 18. hxg4 gxf5 19. exf5 exf5 20. gxf5 Ne5 21.
Qf4 Nxf3 22. Qxf3 Qf6 23. Rxh8 Rxh8 24. Qe4 Kd7 25. Qxb7 Qxf5 26. Nd5 Rc8 27.
Re1 Be5 28. Qxa7 Kd8 {White forfeits on time} 0-1

[Event "Team 45 45 League T91"]
[Site "Internet Chess Club"]
[Date "2022.02.05"]
[Round "4"]
[White "tamky70"]
[Black "burlap"]
[Result "0-1"]
[WhiteElo "1253"]
[BlackElo "1208"]
[Opening "Réti: King's Indian attack"]
[ECO "A05"]
[Time "16:30:28"]
[PlyCount "114"]
[TimeControl "2700+45"]

1. Nf3 Nf6 2. g3 g6 3. Bg2 Bg7 4. d3 O-O 5. Nbd2 d6 6. O-O e5 7. c3 Nc6 8. e4 h6
9. Re1 Re8 10. Nf1 Bg4 11. h3 Be6 12. N1h2 Re7 13. Be3 d5 14. Bc5 Rd7 15. d4
dxe4 16. Nd2 exd4 17. Nxe4 dxc3 18. Qc2 Nxe4 19. Bxe4 cxb2 20. Rab1 Bxa2 21.
Rxb2 Bxb2 22. Qxb2 Rd1 23. Rxd1 Qxd1+ 24. Kg2 Bd5 25. Bf3 Bxf3+ 26. Nxf3 b6 27.
Be3 Kh7 28. Qf6 Qd5 29. Kh2 Qe6 30. Qb2 Qf5 31. Nh4 Qe6 32. Qc1 g5 33. Qc2+ Kg8
34. Ng2 Re8 35. Qc3 Qd6 36. h4 Ne5 37. hxg5 hxg5 38. Ne1 Ng4+ 39. Kg2 Nxe3+ 40.
fxe3 Qd5+ 41. Kh2 Re6 42. Ng2 Rh6+ 43. Kg1 Qd1+ 44. Kf2 Rh1 45. Qc4 a5 46. e4 a4
47. Qxc7 Qf1+ 48. Ke3 Qxg2 49. Qd8+ Kh7 50. Qxg5 Re1+ 51. Kd3 Qf3+ 52. Kc4 Qxe4+
53. Kb5 Rb1+ 54. Ka6 Qc4+ 55. Kb7 Rb5 56. Qf6 Qe4+ 57. Kb8 Qe5+ {White resigns}
0-1

[Event "Team 45 45 League T91"]
[Site "Internet Chess Club"]
[Date "2022.02.05"]
[Round "4"]
[White "filmdirector"]
[Black "Redman1"]
[Result "0-1"]
[WhiteElo "1433"]
[BlackElo "1550"]
[Opening "Caro-Kann: exchange variation"]
[ECO "B13"]
[Time "11:15:54"]
[PlyCount "40"]
[TimeControl "2700+45"]

1. e4 c6 2. d4 d5 3. exd5 cxd5 4. Nc3 Nf6 5. Bf4 a6 6. Nf3 Nc6 7. Be2 Bf5 8. a3
h6 9. Qd2 e6 10. O-O Bd6 11. Rfe1 Bxf4 12. Qxf4 Bxc2 13. Rac1 Bh7 14. Ne5 Qd6
15. Bh5 O-O 16. Qh4 Nxh5 17. Qxh5 Nxd4 18. Re3 Nc6 19. Rg3 Qxe5 20. Qxh6 Qxg3
{White resigns} 0-1

[Event "Team 45 45 League T91"]
[Site "Internet Chess Club"]
[Date "2022.02.04"]
[Round "4"]
[White "Constrictor"]
[Black "liujf"]
[Result "0-1"]
[WhiteElo "1469"]
[BlackElo "1607"]
[Opening "QGD Slav: Carlsbad variation"]
[ECO "D17"]
[Time "18:41:25"]
[PlyCount "54"]
[TimeControl "2700+45"]

1. Nf3 d5 2. d4 Nf6 3. c4 c6 4. Nc3 dxc4 5. a4 Bf5 6. Ne5 Nbd7 7. Nxc4 Qc7 8. g3
e5 9. dxe5 Nxe5 10. Nxe5 Qxe5 11. Bf4 Qe6 12. Bg2 Rd8 13. Qc1 Bd6 14. Qe3 Bxf4
15. Qxe6+ Bxe6 16. gxf4 O-O 17. Rd1 Bb3 18. Rxd8 Rxd8 19. e3 Nd7 20. a5 Nc5 21.
Bf1 b5 22. Bg2 Nd3+ 23. Ke2 Bc4 24. Kf3 Nxb2 25. Rb1 Nd3 26. Rd1 b4 27. Nb1 Ne5+
{White resigns} 0-1

[Event "Team 45 45 League T91"]
[Site "Internet Chess Club"]
[Date "2022.02.06"]
[Round "4"]
[White "BrerRabbit"]
[Black "blind-warrior"]
[Result "1-0"]
[WhiteElo "1411"]
[BlackElo "1433"]
[Opening "Neo-Grünfeld, 6.O-O"]
[ECO "D77"]
[Time "19:02:38"]
[PlyCount "63"]
[TimeControl "2700+45"]

1. d4 Nf6 2. Nf3 g6 3. g3 Bg7 4. Bg2 O-O 5. O-O d5 6. c4 dxc4 7. Na3 c3 8. bxc3
Ne4 9. Bb2 c6 10. Nc4 Nd6 11. Ncd2 Bf5 12. Re1 Ne4 13. Nh4 Nxd2 14. Nxf5 gxf5
15. Qxd2 e6 16. Rab1 Nd7 17. Ba3 Re8 18. Rxb7 Qc8 19. Rb3 Nb6 20. Bc5 Nd7 21.
Bd6 Nb6 22. Bc5 Qc7 23. Reb1 Rab8 24. f4 Nc4 25. Qd3 Nd6 26. Rxb8 Rxb8 27. Rxb8+
Qxb8 28. Bxc6 Nc8 29. Qb5 Nb6 30. a4 Qc7 31. Bf3 Nd5 32. Qe8+ {Black resigns}
1-0

[Event "Team 45 45 League T91"]
[Site "Internet Chess Club"]
[Date "2022.02.02"]
[Round "4"]
[White "Timmah4651"]
[Black "QuieroAprender"]
[Result "1-0"]
[WhiteElo "1643"]
[BlackElo "1614"]
[Opening "English opening"]
[ECO "A05"]
[Time "22:05:05"]
[PlyCount "45"]
[TimeControl "2700+45"]

1. Nf3 Nf6 2. c4 d6 3. Nc3 c6 4. g3 e5 5. Bg2 Be6 6. b3 g6 7. Ng5 Bf5 8. Nge4
Bg7 9. Ba3 Nxe4 10. Nxe4 Bxe4 11. Bxe4 f5 12. Bg2 e4 13. Rb1 d5 14. O-O h5 15.
d3 Qg5 16. dxe4 dxe4 17. Qd6 Qf6 18. Qd2 Nd7 19. Rfd1 O-O-O 20. Qa5 a6 21. Bd6
Nb6 22. c5 Rd7 23. Qxb6 {Black resigns} 1-0

[Event "Team 45 45 League T91"]
[Site "Internet Chess Club"]
[Date "2022.02.06"]
[Round "4"]
[White "mongmong"]
[Black "Grenadier"]
[Result "0-1"]
[WhiteElo "1552"]
[BlackElo "1508"]
[Opening "Queen's pawn game"]
[ECO "A46"]
[Time "11:05:16"]
[PlyCount "30"]
[TimeControl "2700+45"]

1. d4 Nf6 2. Nf3 d6 3. c4 Bg4 4. Nc3 Nbd7 5. e4 e5 6. Be2 Be7 7. Be3 O-O 8. O-O
Bh5 9. Nd2 Bg6 10. f3 Nh5 11. Re1 Bg5 12. Bxg5 Qxg5 13. dxe5 Nxe5 14. b3 Nf4 15.
Bf1 Nh3+ {White resigns} 0-1

[Event "Team 45 45 League T91"]
[Site "Internet Chess Club"]
[Date "2022.02.03"]
[Round "4"]
[White "GoIrish"]
[Black "julesraider"]
[Result "0-1"]
[WhiteElo "1496"]
[BlackElo "1514"]
[Opening "Neo-Grünfeld, 6.O-O c6"]
[ECO "D78"]
[Time "15:00:36"]
[PlyCount "118"]
[TimeControl "2700+45"]

1. d4 d5 2. Nf3 Nf6 3. g3 g6 4. Bg2 Bg7 5. O-O c6 6. c4 O-O 7. b3 Nbd7 8. Bb2
Ne4 9. Nbd2 f5 10. e3 e6 11. cxd5 exd5 12. Qc2 Ndf6 13. Ne5 Re8 14. f3 Nd6 15.
Rac1 Nd7 16. f4 Nf6 17. Ba3 Ng4 18. Rfe1 a5 19. Bb2 a4 20. bxa4 Qa5 21. Bc3 Qxa4
22. Qxa4 Rxa4 23. a3 Rxa3 24. Bb4 Ra2 25. Ndf3 Bf8 26. Bc5 Nf6 27. Ng5 Kg7 28.
Ra1 Rxa1 29. Rxa1 h6 30. Ngf3 Nfe4 31. Ra7 Kf6 32. Nh4 Nxc5 33. dxc5 Nb5 34. Ra1
g5 35. Nhg6 Bxc5 36. Re1 Bb6 37. h3 Be6 38. Bf3 g4 39. hxg4 fxg4 40. Bd1 Ra8 41.
Be2 Bxe3+ 42. Kg2 Ra2 43. Nf8 Bf5 44. Kf1 Bd2 45. Rd1 Nc3 46. Bxg4 Bxg4 47.
Nxg4+ Kf7 48. Nd7 Nxd1 49. Nde5+ Kg7 50. Nd3 Bc3 51. Nc1 Rc2 52. Ne2 Ba5 53. Ne5
Ne3+ 54. Kf2 Bb6 55. Nd7 Ba7 56. Kf3 d4 57. Ne5 c5 58. Nd3 c4 59. Ne1 Ra2 {White
resigns} 0-1

[Event "Team 45 45 League T91"]
[Site "Internet Chess Club"]
[Date "2022.02.06"]
[Round "4"]
[White "Andressa"]
[Black "seattleblues"]
[Result "1-0"]
[WhiteElo "1335"]
[BlackElo "1268"]
[Opening "Caro-Kann: advance variation"]
[ECO "B12"]
[Time "21:14:55"]
[PlyCount "55"]
[TimeControl "2700+45"]

1. e4 c6 2. d4 d5 3. e5 Bf5 4. Nf3 e6 5. Nc3 Nd7 6. Be2 c5 7. Be3 Ne7 8. O-O
cxd4 9. Bxd4 Nc6 10. Bb5 Nxd4 11. Bxd7+ Qxd7 12. Qxd4 Bxc2 13. Rac1 Bg6 14. Qa4
Qxa4 15. Nxa4 b6 16. Rc6 Be7 17. Nd4 O-O 18. Rfc1 Bd3 19. g3 Ba6 20. Rc7 Bd8 21.
R7c2 Be7 22. Nc6 Bg5 23. f4 Bh6 24. Nc3 Rfe8 25. Nb4 Bb7 26. Nb5 a5 27. Nc6 Rac8
28. Ne7+ {Black resigns} 1-0

[Event "Team 45 45 League T91"]
[Site "Internet Chess Club"]
[Date "2022.02.05"]
[Round "4"]
[White "Kingofknights"]
[Black "Gojira"]
[Result "1-0"]
[WhiteElo "1591"]
[BlackElo "1541"]
[Opening "QGD Slav: 4.Nc3"]
[ECO "D15"]
[Time "16:00:52"]
[PlyCount "45"]
[TimeControl "2700+45"]

1. d4 d5 2. c4 c6 3. Nf3 Nf6 4. Nc3 a6 5. c5 Bf5 6. h3 h6 7. Bf4 Nbd7 8. e3 e6
9. Bd3 Ne4 10. Ne5 Nxc3 11. bxc3 Bxd3 12. Qxd3 Nxe5 13. Bxe5 Qg5 14. O-O Qe7 15.
Rab1 O-O-O 16. Rb4 f6 17. Bd6 Qf7 18. Bg3 Rd7 19. Qxa6 Kd8 20. Qa8+ Ke7 21. Bd6+
Rxd6 22. cxd6+ Kxd6 23. Rxb7 {Black resigns} 1-0

[Event "Team 45 45 League T91"]
[Site "Internet Chess Club"]
[Date "2022.02.04"]
[Round "4"]
[White "seldredg"]
[Black "seattleblues"]
[Result "0-1"]
[WhiteElo "1299"]
[BlackElo "1282"]
[Opening "Queen's pawn: Chigorin variation"]
[ECO "D00"]
[Time "21:03:51"]
[PlyCount "62"]
[TimeControl "2700+45"]

1. d4 d5 2. Nc3 c6 3. Bf4 Nf6 4. e3 Bg4 5. Be2 Bxe2 6. Qxe2 e6 7. a3 Nbd7 8. Nf3
c5 9. O-O Be7 10. Ne5 O-O 11. h3 Rc8 12. Rad1 cxd4 13. exd4 Qb6 14. Na4 Qa5 15.
Nc3 Nxe5 16. dxe5 Nd7 17. Rd3 Rc4 18. Bd2 Qc7 19. f4 Qb6+ 20. Kh1 Qxb2 21. Rb1
Qxa3 22. Rxb7 Nb6 23. Rxe7 Qxe7 24. Be1 Rxf4 25. Na2 Qb7 26. c3 Re4 27. Qd1 Nc4
28. Qc1 Nxe5 29. Re3 Rxe3 30. Qxe3 Nc4 31. Qf3 Qb1 {White resigns} 0-1

[Event "Team 45 45 League T91"]
[Site "Internet Chess Club"]
[Date "2022.02.05"]
[Round "4"]
[White "Toalla"]
[Black "Fulmar"]
[Result "0-1"]
[WhiteElo "1113"]
[BlackElo "1282"]
[Opening "Réti opening"]
[ECO "A05"]
[Time "12:09:39"]
[PlyCount "56"]
[TimeControl "2700+45"]

1. Nf3 Nf6 2. g3 d5 3. d4 e6 4. Bg2 Nbd7 5. O-O c5 6. Re1 b6 7. c3 Bb7 8. Nbd2
Bd6 9. Nf1 Qc7 10. Qc2 cxd4 11. Nxd4 a6 12. Nd2 Be5 13. e3 Rc8 14. f4 Bd6 15. e4
Bc5 16. Nb3 Bxd4+ 17. Nxd4 e5 18. exd5 Nxd5 19. Bxd5 Bxd5 20. Nf5 g6 21. Nd4 O-O
22. fxe5 Nxe5 23. Bf4 Rfe8 24. Bxe5 Rxe5 25. Rxe5 Qxe5 26. Ne2 Qe3+ 27. Kf1 Qf3+
28. Ke1 Qh1+ {White resigns} 0-1

[Event "Team 45 45 League T91"]
[Site "Internet Chess Club"]
[Date "2022.02.08"]
[Round "4"]
[White "CMAlge"]
[Black "kabubi"]
[Result "1-0"]
[WhiteElo "1270"]
[BlackElo "1142"]
[Opening "Queen's pawn game"]
[ECO "D00"]
[Time "18:02:53"]
[PlyCount "51"]
[TimeControl "2700+45"]

1. d4 Nf6 2. Nc3 d5 3. Bf4 b6 4. e3 Bb7 5. Bd3 e6 6. Qf3 Bb4 7. Ne2 Nbd7 8. O-O
O-O 9. Nb5 c6 10. Nd6 Bxd6 11. Bxd6 Re8 12. Ng3 c5 13. c3 e5 14. dxe5 Nxe5 15.
Bxe5 Rxe5 16. Rad1 Qc7 17. Qe2 c4 18. Bc2 b5 19. Rd4 Bc8 20. Rh4 g6 21. Qf3 Kg7
22. Rf4 Qd6 23. h4 h5 24. e4 Rxe4 25. Bxe4 dxe4 26. Nxe4 {Black resigns} 1-0

[Event "Team 45 45 League T91"]
[Site "Internet Chess Club"]
[Date "2022.02.05"]
[Round "4"]
[White "marioseixas1992"]
[Black "g8wrb"]
[Result "0-1"]
[WhiteElo "1496"]
[BlackElo "1322"]
[Opening "French: advance, Paulsen attack"]
[ECO "C02"]
[Time "15:15:41"]
[PlyCount "70"]
[TimeControl "2700+45"]

1. e4 e6 2. d4 d5 3. e5 c5 4. c3 Nc6 5. Nf3 Qb6 6. a3 cxd4 7. cxd4 Nge7 8. Nc3
Bd7 9. b4 Nf5 10. Be3 a6 11. g4 Nxe3 12. fxe3 Be7 13. Bd3 h6 14. h4 Rc8 15. Qb3
Na5 16. Qb2 Nc4 17. Bxc4 Rxc4 18. Nd2 Rc7 19. Rc1 O-O 20. Ne2 Rfc8 21. Nb3 Ba4
22. Nc5 Qb5 23. Nxa4 Rxc1+ 24. Nxc1 Qxa4 25. Nb3 b6 26. Kf2 Rc4 27. Kg3 Qc6 28.
Rc1 f6 29. exf6 Bxf6 30. Rxc4 Qxc4 31. Nd2 Qe2 32. Qc3 Qe1+ 33. Kf4 Qf2+ 34. Nf3
g5+ 35. hxg5 hxg5# {White checkmated} 0-1

[Event "Team 45 45 League T91"]
[Site "Internet Chess Club"]
[Date "2022.02.05"]
[Round "4"]
[White "SeniorCitizen"]
[Black "sdcohle"]
[Result "1/2-1/2"]
[WhiteElo "1297"]
[BlackElo "1346"]
[Opening "French: advance variation"]
[ECO "C02"]
[Time "14:01:41"]
[PlyCount "74"]
[TimeControl "2700+45"]

1. e4 e6 2. d4 d5 3. e5 c5 4. c3 Qb6 5. Nf3 Nc6 6. Be2 Nge7 7. O-O cxd4 8. cxd4
Nf5 9. Re1 Bd7 10. Bd3 Nfxd4 11. Nxd4 Nxd4 12. a3 Bb5 13. Be3 Bxd3 14. Qxd3 Bc5
15. b4 Qb5 16. Qxb5+ Nxb5 17. Bxc5 b6 18. a4 Nc7 19. Bd4 O-O 20. Nc3 Na6 21.
Rab1 Nb8 22. b5 Nd7 23. Rec1 Rfc8 24. Ne2 Nc5 25. Bxc5 bxc5 26. Rc2 Rc7 27. a5
Rac8 28. b6 axb6 29. axb6 Rb7 30. Rb5 c4 31. g3 Rc6 32. Rcb2 g6 33. Nd4 Rc8 34.
Ra2 Rcb8 35. Rab2 Rc8 36. Ra2 Rcb8 37. Rab2 Rc8 {Game drawn by repetition}
1/2-1/2